 Dungeon Crawl Stone Soup version 0.31-a0-986-g5e6e4ef867 (webtiles) character file.

Game seed: 1012551458841213867

175 sammy202020 the Ruffian (level 5, -3/44 HPs)
             Began as an Armataur Shapeshifter on Nov 9, 2023.
             Splashed by a jelly's acid (10 damage)
             ... on level 4 of the Dungeon.
             The game lasted 00:02:58 (2039 turns).

sammy202020 the Ruffian (Armataur Shapeshifter)     Turns: 2039, Time: 00:03:00

Health: -3/44      AC: -6    Str: 20    XL:     5   Next: 29%
Magic:  5/5        EV:  9    Int: 10    God:
Gold:   133        SH:  0    Dex: 11    Spells: 4/4 levels left

rFire   . .          .
                       - Unarmed
rCold   . . .        (no shield)
rNeg    . . .        e - +0 ring mail
rPois   .            (helmet currently unavailable)
rElec   .            (cloak currently unavailable)
rCorr   .            (gloves currently unavailable)
SInv    .            (no barding)
Will    .....        (no amulet)
Stlth   +            (no ring)
HPRegen 0.27/turn    (no ring)
MPRegen 0.09/turn

%: roll
@: beast-form, corroded
A: beast (slay +1), large, rugged brown scales 3, deformed body, armoured tail,
roll, long tongue, awkward tongue
a: Begin Untransformation


You were on level 4 of the Dungeon.
You were a hulking beast.
You visited 1 branch of the dungeon, and saw 4 of its levels.

You collected 133 gold pieces.

Inventory:

Armour
 a - a +0 animal skin
 e - a +0 ring mail (worn)
Talismans
 c - a beast talisman
 d - a flux talisman
Scrolls
 h - a scroll of blinking
 j - a scroll of fear
 k - 3 scrolls of teleportation
Potions
 b - a potion of lignification
 f - 2 potions of curing
 g - 2 potions of brilliance
 i - a potion of invisibility
 l - a potion of might


   Skills:
 * Level 2.4 Fighting
 + Level 1.8 Armour
 + Level 1.8 Dodging
 * Level 3.6 Unarmed Combat
 * Level 3.4 Shapeshifting


You had 4 spell levels left.
You didn't know any spells.
Your spell library contained the following spells:

 Spells                   Type           Power      Damage    Failure   Level
 Cigotuvi's Dreadful Rot  Necr/Pois/Air  0%         N/A       67%         2
 Static Discharge         Conj/Air       0%         3-3/arc   67%         2
 Volatile Blastmotes      Fire/Tloc      0%         2d10      88%         3
 Airstrike                Air            0%         2d(0-16)  99%         4
 Dispel Undead            Necr           0%         3d6       99%         4
 Fulminant Prism          Conj/Hex       0%         3d5       99%         4
 Iskenderun's Mystic Bla  Conj/Tloc      0%         2d3       99%         4
 Summon Lightning Spire   Summ/Air       0%         N/A       99%         4
 Death Channel            Necr           0%         N/A       100%        6


Dungeon Overview and Level Annotations

Branches:
Dungeon (4/15)
 Temple: D:4-7

Altars:

Shops:
D:1 :


Innate Abilities, Weirdness & Mutations

You are a hulking beast.
Your limbs bulge with bestial killing power. (Slay +1)
You are completely covered in rugged brown scales. (AC +3, +7% HP)
Armour fits poorly on your strangely shaped body.
You have a long armoured tail.
You roll when moving toward enemies. (Rampage)
Your long tongue fully drains potion bottles. (2x potion effects)
Your tongue gives you trouble enunciating. (1.5x scroll delay)


Message History

The jelly barely misses you.
You hit the jelly.
Your hands burn!
You punch the jelly.
The jelly is severely wounded.
The jelly hits you.
You are splashed with acid.
You hit the jelly.
Your hands burn!
The jelly is severely wounded.
The jelly hits you.
You are splashed with acid!
* * * LOW HITPOINT WARNING * * *
You are too injured to fight recklessly!
You are too injured to fight recklessly!
You are too injured to fight recklessly!
You are too injured to fight recklessly!
You are too injured to fight recklessly!
You are too injured to fight recklessly!
You are too injured to fight recklessly!
You are too injured to fight recklessly!
You are too injured to fight recklessly!
You are too injured to fight recklessly!
You are too injured to fight recklessly!
You are too injured to fight recklessly!
You are too injured to fight recklessly!
You are too injured to fight recklessly!
You are too injured to fight recklessly!
You are too injured to fight recklessly!
You are too injured to fight recklessly!
You are too injured to fight recklessly!
You feel better.
You slurp down every last drop of the potion of curing!
The jelly hits you. The acid corrodes you!
You are splashed with acid!
You hit the jelly.
Your hands burn!
The jelly is severely wounded.
The jelly hits you.
You are splashed with acid!
* * * LOW HITPOINT WARNING * * *
You hit the jelly but do no damage.
Your hands burn!
* * * LOW HITPOINT WARNING * * *
The jelly is severely wounded.
The jelly hits you.
* * * LOW HITPOINT WARNING * * *
The acid corrodes you!
You are splashed with acid!
You die...

#.###.##.# #.#
#.##.#
#.###.##.#
#........#
#####.#### #.#
## #.##.##
.######.#...####
........hJ.....+
.######.#...####
#..##.## #.## ##
#. #. .. .#


You could see a jelly.

Vanquished Creatures
  Natasha (thrice) (D:3)
  An orc wizard (D:3)
  2 adders (D:2)
  2 worms (D:2)
  4 orcs (D:3)
  2 endoplasms (D:1)
  A giant cockroach (D:1)
  3 hobgoblins
  4 kobolds
  6 quokkas
  8 ball pythons
  5 bats
  3 frilled lizards
  4 goblins
  5 rats
53 creatures vanquished.

Notes
Turn   | Place    | Note
-------+----------+-------------------------------------------
     0 | D:1      | sammy202020 the Armataur Shapeshifter began the quest for
                  | the Orb.
     0 | D:1      | Reached XP level 1. HP: 16/16 MP: 1/1
    64 | D:1      | Reached skill level 1 in Fighting
   124 | D:1      | Reached XP level 2. HP: 24/24 MP: 2/2
   190 | D:1      | Found Vaqinouc's Book Shoppe.
   621 | D:2      | Reached XP level 3. HP: 29/29 MP: 3/3
   841 | D:2      | Reached skill level 1 in Armour
  1286 | D:3      | Reached XP level 4. HP: 10/38 MP: 4/4
  1474 | D:3      | Found a faded altar of an unknown god.
  1561 | D:3      | Noticed Natasha
  1570 | D:3      | Killed Natasha
  1654 | D:3      | Noticed Natasha
  1667 | D:3      | Killed Natasha
  1668 | D:3      | Reached XP level 5. HP: 11/44 MP: 5/5
  1713 | D:3      | Noticed Natasha
  1724 | D:3      | Killed Natasha
  2039 | D:4      | Splashed by a jelly's acid

Illustrated notes

Levels and vault maps discovered:
D:1:      dpeg_arrival_pits, layout_basic, serial_shops, shop, minmay_surrounded
D:2:      layout_rooms, serial_curves, eino_curves_03, eino_curves_01,
          eino_curves_01, hangedman_decor_diamond_cutter,
          chequers_serial_rivers_marsh, st_stairs_6, nicolae_half_adder
D:3:      layout_rooms, ebering_ecumenical_altar_ruins, uniq_natasha
D:4:      minmay_skewed_foursquare, layout_loops_corners,
          nicolae_tso_carved_into_rock, minmay_temple_entry_gardened_gates

Skill      XL: |  1  2  3 |
---------------+----------+-----
Fighting       | 1 2 |  2.4
Unarmed Combat | 3 |  3.6
Shapeshifting  | 3 |  3.4
Armour         | 1 |  1.8
Dodging        | |  1.8

Action                     |  1- 3 |  4- 6 || total
---------------------------+-------+-------++-------
  Melee: Unarmed           |   100 |    53 ||   153
         Tailslap          |    10 |     5 ||    15
         Punch             |     1 |     2 ||     3
    Use: Scroll            |     7 |     2 ||     9
         Potion            |     2 |     2 ||     4
   Stab: Sleeping          |       |     1 ||     1
 Armour: Animal skin       |    65 |    26 ||    91
         Ring mail         |       |     6 ||     6
  Dodge: Dodged            |    35 |    16 ||    51

Table legend: (Time is in decaauts)
 A = Elapsed time spent in this place.
 B = Non-inter-level travel time spent in this place.
 C = Inter-level travel time spent in this place.
 D = Time resting spent in this place.
 E = Time spent auto-exploring this place.
 F = Levels seen in this place.
 G = Mean time per level.
                   A        B        C        D        E       F      G
               +--------+--------+--------+--------+--------+-----+--------+
         Total |   2056 |   2056 |      0 |    169 |   1439 |   4 |  514.0 |
       Dungeon |   2056 |   2056 |      0 |    169 |   1439 |   4 |  514.0 |
               +--------+--------+--------+--------+--------+-----+--------+

Top non-repeatable levels by time:
     D:3: 786 daAuts
     D:2: 710 daAuts
     D:1: 522 daAuts
     D:4: 37 daAuts
